AoeStats
← Maty

Black Forest

510190324Analyzed
4v4 RM · 3d ago on Sep 29, 2026· 40m 8s· 8 players
Game mode
Random Map
Map size
Large (8 player)
Population
200
Speed
Normal
Resources
Standard
Victory
Conquest
Starting age
Dark Age
Ending age
Imperial Age
RankedLock teamsTeams togetherTeam positionsShared explorationLock speedFull tech treeHidden civsTurbo modeCheats
Victory
Defeat
🇭🇰 Gurjaras · Hong Kong SAR China
1402
+17
🇦🇷 Malay · Argentina
1336
+19
🇺🇸 Bohemians · United States
1317
+20
🇧🇷 Bengalis · Brazil
1294
+21
🇪🇨 Spanish · Ecuador
1432
-20
🇦🇷 Turks · Argentina
1427
-20
🇫🇷 Bohemians · France
1399
-19
🇨🇳 Mongols · China
1378
-18
Maty
1:47 Loom
25:05 Feudal Age
28:49 Castle Age
26:45 Fishing Lines
27:37 Double-Bit Axe
29:43 Gillnets
36:29 Imperial Age
34:57 Padded Archer Armor
Ministro ChocoArroz
0:36 Loom
11:44 Feudal Age
13:58 Double-Bit Axe
16:16 Castle Age
23:24 Fletching
25:23 Horse Collar
28:31 Wheelbarrow
32:42 Imperial Age
30:28 Gold Mining
34:24 Elite Janissary
36:24 Bodkin Arrow
木薯大王
10:49 Feudal Age
15:03 Castle Age
13:11 Double-Bit Axe
14:11 Fishing Lines
16:06 Bow Saw
17:04 Horse Collar
20:37 Stone Mining
22:26 Scale Barding Armor
23:25 Bloodlines
23:15 Husbandry
23:49 Husbandry
25:21 Forging
26:20 Wheelbarrow
26:06 Gold Mining
30:30 Imperial Age
28:08 Fletching
28:27 Padded Archer Armor
28:14 Loom
29:25 Gold Shaft Mining
29:26 Stone Shaft Mining
29:42 Hand Cart
30:11 Town Watch
30:55 Bodkin Arrow
31:56 Conscription
32:42 Chemistry
32:21 Bracer
32:32 Thumb Ring
32:52 Parthian Tactics
32:58 Elite Mangudai
34:29 Ballistics
35:44 Leather Archer Armor
36:02 Masonry
37:36 Drill
38:49 Coinage
39:50 Fortified Wall
40:40 Banking
Bee Water
3:14 Loom
11:38 Feudal Age
12:48 Double-Bit Axe
13:53 Man-at-Arms
20:32 Castle Age
21:20 Crossbowman
23:49 Chemistry
24:06 Wheelbarrow
28:24 Town Watch
30:06 Horse Collar
34:53 Imperial Age
33:02 Bow Saw
34:55 Hand Cart
35:34 Ballistics
DUDA
6:24 Loom
11:57 Feudal Age
12:45 Double-Bit Axe
15:49 Castle Age
16:30 Man-at-Arms
17:36 Bow Saw
24:17 Wheelbarrow
24:22 Horse Collar
24:25 Fishing Lines
26:01 Hand Cart
29:48 Imperial Age
27:33 Town Watch
29:50 Chemistry
31:12 Ballistics
32:22 Wagenburg Tactics
33:48 Long Swordsman
34:41 Houfnice
40:51 Conscription
eletronvalente
6:27 Loom
9:15 Feudal Age
14:26 Castle Age
12:29 Double-Bit Axe
13:06 Horse Collar
16:48 Fletching
27:51 Padded Archer Armor
27:47 Bodkin Arrow
34:20 Imperial Age
33:02 Heavy Plow
32:51 Town Watch
33:42 Wheelbarrow
39:16 Conscription
The Crusades Crusader
0:51 Loom
ValkriaN
9:46 Loom
12:02 Feudal Age
16:50 Castle Age
14:57 Double-Bit Axe
17:56 Wheelbarrow
19:17 Gold Mining
20:24 Fishing Lines
23:32 Stone Mining
24:27 Horse Collar
25:35 Husbandry
25:35 Gillnets
26:45 Gold Shaft Mining
26:52 Hand Cart
30:24 Imperial Age
28:23 Bow Saw
28:49 Forging
28:45 Scale Barding Armor
29:07 Scale Barding Armor
29:34 Heavy Plow
30:21 Conscription
31:21 Chemistry
30:02 Treadmill Crane
30:42 Ballistics
31:04 Iron Casting
30:39 Elite Battle Elephant
32:59 Blast Furnace
34:04 Arson
34:57 Light Cavalry
Connection lost

Rejoining the realm…

Still unreachable

The connection could not be restored.

Session expired

The server has moved on; the page needs a fresh start.